 Dungeon Crawl Stone Soup version 0.18-a0-1642-g3ae59fa (webtiles) character file.

266445 Geeful the Imperceptible (level 19, -12/103 HPs)
             Began as a Spriggan Enchanter on Mar 27, 2016.
             Was the Champion of Dithmenos.
             Killed from afar by Jory (78 damage)
             ... with a crystal spear
             ... on level 3 of the Vaults on Mar 28, 2016.
             The game lasted 04:26:01 (48676 turns).

Geeful the Imperceptible (Spriggan Enchanter)      Turns: 48676, Time: 04:26:02

Health: -12/103    AC:  8    Str: 13    XL:     19   Next: 71%
Magic:  43/43      EV: 35    Int: 20    God:    Dithmenos [******]
Gold:   3602       SH: 12    Dex: 22    Spells: 8 memorised, 17 levels left

rFire  + . .     SeeInvis +     a - +9 quick blade (freeze)
rCold  . . .     Gourm    .     Q - +2 robe {rF+}
rNeg   . . .     Faith    .     D - +3 buckler
rPois  +         Spirit   .     W - +1 hat
rElec  .         Dismiss  .     t - +2 cloak {+Inv}
rCorr  .         Reflect  .     (gloves unavailable)
SustAt .         Harm     .     (boots unavailable)
MR     ++++.                    F - amulet of regeneration
Stlth  ++++++++++               H - ring of magical power
                                l - ring of poison resistance

@: immense fortitude, wreathed by umbra, drained, very quick, incredibly
resistant to hostile enchantments, uncannily stealthy
A: unfitting armour, see invisible, herbivore 3, speed 3, magic resistance 1,
slow metabolism 2
a: Shadow Step, Shadow Form, Renounce Religion, Evoke Invisibility
}: 1/15 runes: barnacled


You were on level 3 of the Vaults.
You worshipped Dithmenos.
Dithmenos was exalted by your worship.
You were hungry.

You visited 8 branches of the dungeon, and saw 37 of its levels.
You also visited: Ice Cave and Wizlab.

You collected 4097 gold pieces.
You spent 495 gold pieces at shops.

Inventory:

Hand Weapons
 a - a +9 quick blade of freezing (weapon)
 b - a +0 blowgun
Missiles
 h - 16 curare-tipped needles
 B - 117 poisoned needles
 N - 10 throwing nets (quivered)
Armour
 c - a +2 robe of magic resistance
 e - a +2 buckler of positive energy
 t - a +2 cloak of invisibility (worn)
 D - a +3 buckler (worn)
 G - a +2 robe of positive energy
 Q - a +2 robe of fire resistance (worn)
 W - a +1 hat (worn)
Jewellery
 f - an uncursed ring of flight
 l - a ring of poison resistance (left hand)
 v - an uncursed ring of resist corrosion
 E - the ring "Hecuw Miuqus" {Ice +Inv rElec Dex-5 SInv}
   (You found it on level 15 of the Dungeon)

   [ring of ice]

   It enhances your ice magic, and weakens your fire magic.
   It affects your dexterity (-5).
   It makes you vulnerable to fire.
   It protects you from cold.
   It insulates you from electricity.
   It lets you see invisible.
   It lets you turn invisible.
 F - an amulet of regeneration (around neck)
 H - a ring of magical power (right hand)
 I - an uncursed ring of protection from fire
 R - the ring "Ygige" {*Corrode rElec rN+ Dex+4 Stlth-}
   (You found it in an ice cave)

   [ring of loudness]

   It affects your dexterity (+4).
   It insulates you from electricity.
   It protects you from negative energy.
   It may corrode you when you take damage.
   It makes you less stealthy.
 S - an uncursed ring of wizardry
 T - the amulet of Cadgheats {Harm *Drain rElec Dex+5}
   (You found it in an ice cave)

   [amulet of harm]

   It increases damage dealt and taken.
   It affects your dexterity (+5).
   It insulates you from electricity.
 V - an uncursed ring of protection from cold
 Y - an uncursed ring of positive energy
Wands
 j - a wand of digging (0/24)
 x - a wand of iceblast (2/15)
 y - a wand of acid (6/15)
 A - a wand of teleportation (5/9)
 C - a wand of acid (12/15)
 L - a wand of acid (9/15)
 M - a wand of slowing (21/48)
Scrolls
 k - 5 scrolls of magic mapping
 p - 5 scrolls of remove curse
 r - 5 scrolls of fog
 u - 8 scrolls of teleportation
 P - a scroll of brand weapon
 X - 4 scrolls of recharging
Potions
 g - 7 potions of haste
 i - a potion of resistance
 m - 2 potions of cure mutation
 n - 5 potions of brilliance
 o - 2 potions of magic
 q - 5 potions of agility
 z - 12 potions of curing
 J - 2 potions of invisibility
 K - 4 potions of cancellation
 Z - 4 potions of might
Miscellaneous
 s - a box of beasts {used: 1}
 w - an ornate deck of defence {drawn: 3}
Comestibles
 d - 25 bread rations
 U - a royal jelly


   Skills:
 * Level 12.6(11.9) Fighting
 - Level 16.3(15.5) Short Blades
 - Level 17.3(16.5) Dodging
 + Level 22.1(21.2) Stealth
 - Level 7.6(6.9) Shields
 - Level 10.3(9.6) Spellcasting
 - Level 19.1(18.3) Hexes
 - Level 3.5(2.9) Invocations
 - Level 8.8(8.2) Evocations


You had 17 spell levels left.
You knew the following spells:

 Your Spells              Type           Power        Failure   Level  Hunger
a - Corona                Hex            ######.      0%          1    None
b - Ensorcelled Hibernat  Hex/Ice        #####.       1%          2    None
c - Confuse               Hex            ######..     0%          3    None
d - Tukima's Dance        Hex            ######..     0%          3    None
e - Dazzling Spray        Conj/Hex       #####...     1%          3    None
f - Apportation           Tloc           #.........   10%         1    None
g - Sublimation of Blood  Necr           #.........   14%         2    None
h - Invisibility          Hex            ######..     1%          6    ######.


Dungeon Overview and Level Annotations

Branches:
Dungeon (15/15)            Temple (1/1) D:7            Lair (8/8) D:11
 Shoals (4/4) Lair:5        Snake (3/4) Lair:3        Slime (0/6) Lair:8
    Orc (2/2) D:11            Elf (0/3) Orc:2        Vaults (3/5) D:14
 Depths (1/5) D:15
  Crypt: Vaults:2-3

Altars:
Ashenzari
Dithmenos
Elyvilon
Fedhas
Gozag
Makhleb
Nemelex Xobeh
Okawaru
Pakellas
Ru
Sif Muna
Trog
Vehumet
Xom
Yredelemnul
Zin
The Shining One
Jiyva
Lugonu

Shops:
D:10 [   D:14 }   Orc:2 ([![(   Shoals:1 %

Portals:
Trove: D:12 (give +2 storm dragon armour)

Annotations:
D:12 exclusion: 2 doors
Vaults:3 Jory


Innate Abilities, Weirdness & Mutations

You are tiny and cannot use many weapons and most armour.
You have supernaturally acute eyesight.
You are a herbivore.
You cover ground extremely quickly.
You need consume almost no food.
You are resistant to hostile enchantments.


Message History

You hit Jory.
Jory is lightly damaged.
You hit Jory.
Jory is lightly damaged.
Jory mumbles some strange words.
Jory attempts to bespell you! You resist with almost no effort.
You barely miss Jory.
Jory is lightly damaged.
You closely miss Jory.
Jory is lightly damaged.
You hit Jory.
Jory is lightly damaged.
Your shadow hits Jory but does no damage.
You hit Jory but do no damage.
Jory is lightly damaged.
Your shadow hits Jory but does no damage.
Jory gestures at you while chanting. The crystal spear hits you!
Ouch! That really hurt!
You die...

#.....#'####### #..##
#..^..#.......# #..))
#.....#.......# #############†#
#.....#.......# #...........)..
#)..).#..(....# #......V....)).
#.....#)†)....# #..............
########)#########..............
#.)(.))...§V§#..............
#.(#..)...§@§#.....########+
#...#..##.§#§§.....#
......##..##.##.....#
...............#.....#
#..#............#.....#
#...#..#####....#.....# #..#...#
######.....# #.. #.....# .
#.....#


You could see Jory.

Vanquished Creatures
  Polyphemus (Shoals:2)
  Frances (D:14)
  A sphinx (Vaults:3)
  A fire giant (Vaults:3)
  Wiglaf (Vaults:1)
  3 greater nagas
  4 vault wardens
  4 frost giants
  Ilsuiw (Shoals:4)
  The ghost of Ultraviolent4 the Impaler, a journeyman MfEn of Okawaru (Shoals:3)
  An orc warlord (Orc:1)
  6 ironheart preservers
  A very ugly thing (Vaults:1)
  3 stone giants
  A war gargoyle (D:15)
  Nessos (D:12)
  4 ettins
  5 merfolk javelineers
  Snorg (Lair:4)
  4 merfolk impalers
  A deep elf death mage (Vaults:2)
  2 vault guards (Vaults:1)
  2 fire dragons
  4 yaktaur captains
  5 ice dragons
  2 great orbs of eyes
  A rakshasa (Depths:1)
  7 hydras
  13 naga warriors
  7 anacondas
  8 ogre magi
  6 centaur warriors
  2 catoblepae
  2 death knights
  Erolcha (D:12)
  2 alligator snapping turtles
  2 tengu warriors
  2 dancing weapons (D:14)
  5 merfolk avatars
  7 merfolk aquamancers
  2 deep troll earth magi (Depths:1)
  A queen ant (Lair:2)
  2 satyrs (Shoals:3)
  17 death yaks
  A deep elf knight (Vaults:2)
  5 naga sharpshooters
  4 shock serpents
  3 salamander mystics (Snake:2)
  A fire crab (Vaults:3)
  2 wizards
  5 skeletal warriors
  An unseen horror (shapeshifter) (Vaults:2)
  8 sea snakes
  3 unseen horrors
  2 flayed ghosts
  4 naga ritualists
  13 deep trolls
  7 ironbrand convokers
  4 deep elf archers (Vaults:2)
  Pikel (D:5)
  5 hill giants
  A necromancer (Vaults:2)
  5 orc knights
  2 orc sorcerers
  7 deep elf magi
  10 fauns
  14 manticores
  3 mana vipers
  2 hornets
  23 ugly things
  14 griffons
  10 salamanders
  35 elephants
  A salamander (shapeshifter) (Vaults:3)
  17 cyclopes
  6 naga magi
  3 guardian serpents (Snake:3)
  6 water nymphs
  6 vault sentinels
  19 black mambas
  8 sirens
  2 ice statues (IceCv)
  20 spiny frogs
  Psyche (D:11)
  7 komodo dragons
  7 freezing wraiths
  5 kobold demonologists
  A yaktaur zombie (Vaults:2)
  15 yaktaurs
  3 rime drakes
  A yaktaur skeleton (Vaults:2)
  A troll (shapeshifter) (Vaults:3)
  A tengu conjurer (D:14)
  12 trolls
  A wind drake (shapeshifter) (Vaults:2)
  26 slime creatures
  2 wind drakes (Shoals:4)
  31 merfolk
  12 two-headed ogres
  5 boulder beetles
  18 blink frogs
  An ettin zombie (Vaults:2)
  6 snapping turtles
  A snapping turtle (shapeshifter) (Vaults:2)
  A shadow (D:13)
  6 wraiths
  A frost giant simulacrum (Vaults:2)
  4 vampires (WizLab)
  66 yaks
  Sigmund (D:5)
  A redback (Vaults:2)
  A wyvern (D:14)
  3 basilisks
  A human (D:12)
  12 hippogriffs
  A hungry ghost (D:10)
  4 wargs
  10 water elementals
  32 vampire mosquitoes
  2 mottled dragons
  Edmund (D:5)
  25 nagas
  11 soldier ants (Lair:2)
  10 water moccasins
  10 porcupines
  Duvessa (D:7)
  22 orc warriors
  23 ice beasts
  3 sky beasts
  A black bear (shapeshifter) (Vaults:2)
  4 phantoms
  6 black bears
  A slave (D:5)
  34 ogres
  An eye of draining (D:9)
  4 necrophages
  16 boggarts
  9 centaurs
  14 crocodiles
  A boggart (shapeshifter) (D:15)
  4 big kobolds
  The ghost of edsrzf the Sneak, an amateur OpFE (D:3)
  28 giant frogs
  A water moccasin zombie (D:7)
  6 scorpions
  Dowan (D:7)
  A wyvern skeleton (D:13)
  8 killer bees
  4 troll zombies (WizLab)
  4 wights (D:10)
  6 howler monkeys (D:8)
  9 centaur zombies
  7 crimson imps
  4 hounds
  A quasit (D:9)
  A giant frog zombie (D:5)
  14 orc priests
  A giant frog skeleton (D:8)
  7 jellies
  7 centaur skeletons
  10 iguanas
  Crazy Yiuf (D:2)
  Ijyb (D:3)
  Natasha (thrice) (D:3)
  16 orc wizards
  29 worker ants
  3 killer bee zombies
  8 sheep
  4 ogre zombies (WizLab)
  A hound skeleton (D:10)
  A howler monkey zombie (D:7)
  Robin (D:3)
  8 adders
  3 gnolls (D:2)
  41 river rats
  2 shadow imps
  An adder zombie (D:9)
  2 worms
  A dart slug (D:2)
  5 giant geckos
  72 orcs
  6 giant cockroaches
  13 goblins
  9 hobgoblins
  8 jackals
  3 quokkas
  4 ball pythons
  7 bats
  A giant gecko zombie (D:8)
  5 giant newts
  A jackal skeleton (D:6)
  18 kobolds
  3 rats
  2 fungi
  A plant (D:11)
1340 creatures vanquished.

Vanquished Creatures (collateral kills)
  An ironheart preserver (Vaults:1)
  A deep elf demonologist (Vaults:2)
  A merfolk javelineer (Shoals:4)
  2 merfolk impalers (Shoals:4)
  An ice dragon (Vaults:1)
  A naga warrior (Snake:3)
  A merfolk aquamancer (Shoals:3)
  A tengu warrior (Depths:1)
  2 skeletal warriors (WizLab)
  2 orc knights
  A vault sentinel (Vaults:1)
  2 trolls
  8 two-headed ogres
  3 merfolk (Shoals:4)
  A water elemental (Shoals:3)
  A naga (Snake:3)
  A warg (Vaults:1)
  4 orc warriors
  24 ogres
  3 wights (WizLab)
  An orc priest (Orc:2)
  An ogre zombie (WizLab)
  6 orcs
69 creatures vanquished.

Vanquished Creatures (others)
  An ogre mage (Vaults:3)
  A two-headed ogre (Orc:2)
  21 dancing weapons
  A human (D:12)
  A boggart (Depths:1)
  An ogre (D:5)
  36 fungi
  41 plants
103 creatures vanquished.

Grand Total: 1512 creatures vanquished

Notes
Turn   | Place    | Note
--------------------------------------------------------------
     0 | D:1      | Geeful the Spriggan Enchanter began the quest for the Orb.
     0 | D:1      | Reached XP level 1. HP: 9/9 MP: 5/5
   305 | D:1      | Reached XP level 2. HP: 13/13 MP: 6/6
   384 | D:1      | Learned a level 2 spell: Ensorcelled Hibernation
   644 | D:2      | Found a shattered altar of Ashenzari.
   645 | D:2      | Reached skill level 5 in Stealth
   667 | D:2      | Reached XP level 3. HP: 16/16 MP: 4/8
   747 | D:2      | Learned a level 3 spell: Confuse
  1147 | D:2      | Noticed Crazy Yiuf
  1153 | D:2      | Killed Crazy Yiuf
  1153 | D:2      | Reached XP level 4. HP: 21/21 MP: 6/9
  1688 | D:3      | Noticed edsrzf's ghost (amateur OpFE)
  1691 | D:3      | Noticed Robin
  2308 | D:3      | Killed Robin
  2308 | D:3      | Reached XP level 5. HP: 24/24 MP: 8/11
  2821 | D:3      | Noticed Ijyb
  2833 | D:3      | Killed Ijyb
  3003 | D:3      | Noticed an ogre
  3055 | D:3      | Killed an ogre
  3055 | D:3      | Reached skill level 5 in Dodging
  3055 | D:3      | Reached skill level 6 in Stealth
  3055 | D:3      | Reached skill level 5 in Hexes
  3055 | D:3      | Reached XP level 6. HP: 24/28 MP: 8/13
  3163 | D:3      | Killed edsrzf's ghost
  3311 | D:3      | Noticed Natasha
  3350 | D:3      | Killed Natasha
  3459 | D:3      | Noticed Natasha
  3469 | D:3      | Killed Natasha
  3504 | D:3      | Noticed Natasha
  3518 | D:3      | Killed Natasha
  4323 | D:5      | Entered Level 5 of the Dungeon
  4671 | D:5      | Noticed an ice beast
  4781 | D:5      | Killed an ice beast
  4781 | D:5      | Reached skill level 7 in Stealth
  4781 | D:5      | Reached XP level 7. HP: 32/32 MP: 14/14
  4987 | D:5      | Noticed Pikel
  5011 | D:5      | Killed Pikel
  5011 | D:5      | Reached skill level 5 in Spellcasting
  5011 | D:5      | Reached XP level 8. HP: 18/36 MP: 2/17
  5211 | D:5      | Noticed Sigmund
  5243 | D:5      | Killed Sigmund
  5243 | D:5      | Reached skill level 8 in Stealth
  5555 | D:5      | Noticed Edmund
  5572 | D:5      | Killed Edmund
  5572 | D:5      | Reached skill level 5 in Short Blades
  6189 | D:6      | Reached skill level 9 in Stealth
  6337 | D:6      | Learned a level 3 spell: Tukima's Dance
  6341 | D:6      | Learned a level 3 spell: Dazzling Spray
  6761 | D:6      | Found a blossoming altar of Fedhas.
  6764 | D:6      | Found an opulent altar of Gozag.
  6767 | D:6      | Found a radiant altar of Vehumet.
  6950 | D:7      | Got an ichor-stained whip
  6952 | D:7      | Identified the +7 whip of Truncation {speed, rF+ rN+} (You found it on level 7 of the Dungeon)
  7031 | D:7      | Reached XP level 9. HP: 39/39 MP: 7/19
  7577 | D:7      | Found a bloodstained altar of Trog.
  7590 | D:7      | Reached skill level 10 in Stealth
  7632 | D:7      | Noticed Duvessa
  7632 | D:7      | Noticed Dowan
  7647 | D:7      | Killed Dowan
  7652 | D:7      | Killed Duvessa
  7863 | D:7      | Found a staircase to the Ecumenical Temple.
  7898 | Temple   | Entered the Ecumenical Temple
  7928 | Temple   | Became a worshipper of Dithmenos the Shadowed
  8685 | D:8      | Reached XP level 10. HP: 44/44 MP: 18/23
  8703 | D:8      | Found an iron altar of Okawaru.
  8810 | D:8      | Reached skill level 10 in Dodging
  8843 | D:7      | Reached skill level 11 in Stealth
  9002 | D:8      | Reached * piety under Dithmenos
  9816 | D:9      | Reached skill level 1 in Shields
 10097 | D:9      | Found a shadowy altar of Dithmenos.
 10206 | D:9      | Reached ** piety under Dithmenos
 10639 | D:9      | Reached skill level 5 in Shields
 10894 | D:10     | Entered Level 10 of the Dungeon
 11128 | D:10     | Noticed a hill giant
 11235 | D:10     | Reached XP level 11. HP: 47/47 MP: 24/24
 11252 | D:10     | Killed a hill giant
 11459 | D:10     | Found Binovife's Antique Armour Emporium.
 11464 | D:10     | Bought an embroidered robe for 14 gold pieces
 11818 | D:10     | Reached *** piety under Dithmenos
 12416 | D:10     | You fall through a shaft!
 12417 | D:11     | Found a frozen archway.
 12422 | IceCv    | Entered an ice cave
 12791 | IceCv    | Reached skill level 1 in Fighting
 13375 | IceCv    | HP: 2/50 [something] (9)]
 14290 | IceCv    | Noticed an ice dragon
 14462 | IceCv    | Noticed an ice dragon
 14477 | IceCv    | Got a scorched marble ring
 14479 | IceCv    | Got a shimmering bone ring
 14484 | IceCv    | Got a flickering silver amulet
 14600 | D:11     | Identified the ring of the Eight Wars {Fire Str+3 SInv} (You found it in an ice cave)
 14602 | D:11     | Identified the ring "Ygige" {*Corrode rElec rN+ Dex+4 Stlth-} (You found it in an ice cave)
 14608 | D:11     | Identified the amulet of Cadgheats {Harm *Drain rElec Dex+5} (You found it in an ice cave)
 14789 | D:11     | Found a staircase to the Orcish Mines.
 15237 | D:11     | Noticed Psyche
 15239 | D:11     | Found a staircase to the Lair.
 15245 | D:11     | Killed Psyche
 15245 | D:11     | Reached skill level 5 in Fighting
 15299 | D:11     | Noticed a green ugly thing
 15317 | D:11     | Killed a green ugly thing
 15363 | D:11     | Reached **** piety under Dithmenos
 15503 | D:11     | Found an opulent altar of Gozag.
 15810 | D:12     | Noticed Nessos
 15893 | D:12     | Killed Nessos
 15893 | D:12     | Reached XP level 12. HP: 59/62 MP: 20/25
 16323 | D:12     | Noticed Erolcha
 16328 | D:12     | Killed Erolcha
 16377 | D:12     | Found a portal to a secret trove of treasure.
 16648 | D:12     | Noticed a death yak
 16648 | D:12     | Noticed a death yak
 16648 | D:12     | Noticed a death yak
 16648 | D:12     | Noticed a death yak
 16719 | D:12     | Noticed a death yak
 16719 | D:12     | Noticed a death yak
 16721 | D:12     | Noticed a death yak
 17106 | D:13     | Noticed a five-headed hydra
 17137 | D:13     | Killed a five-headed hydra
 17568 | Lair:1   | Entered Level 1 of the Lair of Beasts
 17953 | Lair:1   | Noticed a six-headed hydra
 17984 | Lair:1   | Killed a six-headed hydra
 17984 | Lair:1   | Reached skill level 12 in Stealth
 18539 | Lair:2   | Noticed a queen ant
 18635 | Lair:2   | Killed a queen ant
 18695 | Lair:2   | Reached XP level 13. HP: 69/69 MP: 26/26
 18711 | Lair:2   | Reached skill level 10 in Short Blades
 19547 | Lair:3   | Found a staircase to the Snake Pit.
 19596 | Lair:3   | Identified 3 scrolls of acquirement
 19629 | Lair:2   | Got a slimy quick blade
 19630 | Lair:2   | Identified the +0 quick blade "Neshredaw" {freeze, +Blink Str+3 Int+2} (You acquired it on level 2 of the Lair of Beasts)
 19807 | Lair:3   | Reached ***** piety under Dithmenos
 20108 | Lair:3   | Reached skill level 13 in Stealth
 21321 | Lair:4   | Reached skill level 14 in Stealth
 21767 | Lair:4   | Noticed Snorg
 21779 | Lair:4   | Killed Snorg
 22653 | Lair:5   | Reached XP level 14. HP: 69/74 MP: 11/27
 23230 | Lair:5   | Found a staircase to the Shoals.
 23472 | Lair:5   | Reached skill level 15 in Stealth
 25338 | Lair:7   | Reached skill level 16 in Stealth
 25619 | Lair:7   | Reached skill level 15 in Dodging
 25954 | Lair:8   | Entered Level 8 of the Lair of Beasts
 26368 | Lair:8   | Reached skill level 15 in Short Blades
 26624 | Lair:8   | Reached XP level 15. HP: 78/78 MP: 28/28
 26918 | Lair:8   | Found a staircase to the Slime Pits.
 26919 | Lair:8   | Found a viscous altar of Jiyva.
 27285 | Orc:1    | Entered Level 1 of the Orcish Mines
 27373 | Orc:2    | Entered Level 2 of the Orcish Mines
 27373 | Orc:2    | Found Mudoup's Weapon Boutique.
 27373 | Orc:2    | Noticed an orc warlord
 27586 | Orc:1    | Killed an orc warlord
 27808 | Orc:2    | Found a staircase to the Elven Halls.
 28381 | Orc:2    | Found Fatac's Distillery.
 28382 | Orc:2    | Found Faohir's Weapon Shoppe.
 28382 | Orc:2    | Found Kafiohog's Antique Armour Shop.
 28789 | Orc:2    | Reached skill level 17 in Stealth
 28920 | Orc:2    | Found Nenoox's Antique Armour Emporium.
 28973 | Orc:2    | Bought a potion of invisibility for 104 gold pieces
 28973 | Orc:2    | Bought a potion of haste for 130 gold pieces
 28973 | Orc:2    | Bought a potion of cancellation for 104 gold pieces
 28973 | Orc:2    | Bought a potion of might for 52 gold pieces
 28973 | Orc:2    | Bought a potion of curing for 39 gold pieces
 28973 | Orc:2    | Bought a potion of might for 52 gold pieces
 28979 | Orc:2    | Learned a level 1 spell: Apportation
 28982 | Orc:2    | Learned a level 2 spell: Sublimation of Blood
 29613 | Orc:1    | Reached ****** piety under Dithmenos
 30418 | D:14     | Found Syonimerri's Gadget Shop.
 30435 | D:14     | Found a gate to the Vaults.
 30554 | D:14     | Found an oddly glowing altar of Pakellas.
 30644 | D:14     | Noticed Frances
 30646 | D:14     | Killed Frances
 30835 | D:14     | Reached skill level 18 in Stealth
 30998 | D:15     | Entered Level 15 of the Dungeon
 31534 | D:15     | Got a coiled granite ring
 31536 | D:15     | Identified the ring "Hecuw Miuqus" {Ice +Inv rElec Dex-5 SInv} (You found it on level 15 of the Dungeon)
 31621 | D:15     | Reached XP level 16. HP: 82/82 MP: 30/30
 31892 | D:15     | Reached skill level 10 in Spellcasting
 32222 | D:15     | Found a staircase to the Depths.
 32475 | Shoals:1 | Entered Level 1 of the Shoals
 32539 | Shoals:1 | Found Ohej's Food Shop.
 32544 | Shoals:1 | Reached skill level 1 in Evocations
 32775 | Shoals:1 | Reached skill level 19 in Stealth
 33213 | Shoals:1 | Reached skill level 5 in Evocations
 33470 | Shoals:2 | Noticed Polyphemus
 33490 | Shoals:2 | Killed Polyphemus
 34063 | Shoals:2 | Reached skill level 1 in Invocations
 34246 | Shoals:3 | Noticed Ultraviolent4's ghost (journeyman MfEn)
 34432 | Snake:1  | Entered Level 1 of the Snake Pit
 34704 | Snake:1  | Reached skill level 10 in Hexes
 35338 | Snake:2  | Reached XP level 17. HP: 63/86 MP: 32/32
 38371 | Shoals:3 | Reached skill level 15 in Hexes
 38856 | Shoals:3 | HP: 2/86 [merfolk/trident (19)]
 38980 | Shoals:3 | Killed Ultraviolent4's ghost
 39774 | Depths:1 | Entered Level 1 of the Depths
 40214 | Depths:1 | Found a corrupted altar of Lugonu.
 40256 | Depths:1 | Reached XP level 18. HP: 81/91 MP: 12/33
 40303 | Depths:1 | Found a magical portal.
 40308 | WizLab   | Entered Zonguldrok's Shrine
 41134 | Shoals:4 | Entered Level 4 of the Shoals
 41365 | Shoals:4 | Noticed Ilsuiw
 42186 | Shoals:4 | Killed Ilsuiw
 42658 | Shoals:4 | Got a barnacled rune of Zot
 42822 | Shoals:4 | Gained mutation: You are resistant to hostile enchantments. [mutagenic glow]
 43468 | Vaults:1 | Entered Level 1 of the Vaults
 43550 | Vaults:1 | Reached skill level 20 in Stealth
 43561 | Vaults:1 | Got an ichor-stained rapier
 43563 | Vaults:1 | Identified the cursed +0 rapier of Defence {drain, rElec rPois rC-} (You found it on level 1 of the Vaults)
 44799 | Vaults:1 | Noticed Wiglaf
 44801 | Vaults:1 | Killed Wiglaf
 44939 | Vaults:1 | Reached skill level 10 in Fighting
 45649 | Vaults:2 | Reached XP level 19. HP: 87/99 MP: 34/34
 45855 | Vaults:2 | Reached skill level 21 in Stealth
 47858 | Vaults:2 | Learned a level 6 spell: Invisibility
 48197 | Vaults:3 | Reached skill level 22 in Stealth
 48545 | Vaults:3 | Noticed Jory
 48665 | Vaults:3 | Drew Focus: Dex increased to 22, Str decreased to 3
 48676 | Vaults:3 | Killed from afar by Jory

Vault maps used:
D:1:      lemuel_arrival_lava_pool
D:2:      minmay_gold_behind_fungi, evilmike_ruin_ashenzari,
          uniq_crazy_yiuf_cottage
D:3:      uniq_natasha, uniq_robin, uniq_iyjb
D:5:      first_bread, uniq_pikel, uniq_edmund, uniq_sigmund
D:6:      grunt_temple_overflow_diamond
D:7:      trog_ov_bears_minmay, minmay_temple_entry_purple_smoke,
          grunt_ogre_cave, uniq_duvessa
D:8:      nicolae_overflow_hidden_temple, minivault_24
D:9:      basic_altar
D:10:     serial_shops, nicolae_shop_crystal, kennysheep_generic_room_8
D:11:     dpeg_oklobed_lair, david_orc_3, portal_ice_cave_entry_pillars_01,
          grunt_gozag_breadcrumbs, uniq_psyche
D:12:     slaughterhouse, nicolae_trove_entry_crossroad, uniq_nessos,
          uniq_erolcha, uniq_maud
D:14:     erik_vaults_1, serial_shops, shop, serial_park_tiny_2,
          johnstein_pakellas_dig, uniq_frances
D:15:     grunt_enter_depths_hoard, minmay_radiant
Temple:   eino_wide_crystal_templ_15
Lair:2:   minmay_another_anthill
Lair:3:   mu_elephants_graveyard, guppyfry_snake_entry_garden,
          nicolae_quartered_pool_super, serial_bayou_shore_b,
          grunt_megastairs_5, lemuel_fruit_tree
Lair:4:   uniq_snorg
Lair:5:   minmay_shoals_entry_beasts, beast_lair_carwin_11, grunt_megastairs_1,
          bh_autumn_forest_stairs
Lair:6:   serial_bayou_pond_c
Lair:8:   minmay_lair_end_frog_pond, slime_altar_1, infiniplex_staircase_pool_2
Shoals:1: serial_shops, shop_coins, st_sunken_temple
Shoals:2: uniq_polyphemus
Shoals:3: nicolae_shoals_circle_sea_wall
Shoals:4: shoals_end_simple, shoal_ilsuiw
Snake:1:  grunt_ministairs_10
Snake:2:  serial_bayou_shore_b
Snake:3:  nrook_guardian_serpent_snake_passage
Orc:2:    st_orc_open, serial_shops, shop
Vaults:1: vaults_room_pools, nicolae_vaults_circle_grid_a, vaults_room_corners,
          hangedman_vaults_capsules, grunt_vaults_focal, grunt_vaults_swirl,
          ontoclasm_vaults_chip, hangedman_vaults_trim, v_misc_29,
          vaults_mumra_bighexcomb, v_misc_25, nicolae_vaults_angled_halls,
          vaults_room_ringed_pool, nicolae_vaults_little_squares_4, uniq_wiglaf
Vaults:2: v_rooms_5, v_misc_15, hangedman_vaults_corner_blocks, v_rooms_4,
          v_misc_3, nicolae_vaults_little_squares_3, vaults_dpeg_cross,
          ontoclasm_vaults_shuriken, v_misc_29, ontoclasm_vaults_ring_large,
          ontoclasm_vaults_fault, st_more_cells,
          ontoclasm_vaults_decontamination
Vaults:3: nicolae_vaults_little_squares_5, blue_anna_dwarven_crypt,
          hangedman_vaults_stream, dpeg_vaults_monster_box, v_rooms_4,
          vaults_room_grid, ontoclasm_vaults_twist, v_misc_12,
          ontoclasm_vaults_loading_screen, vaults_dpeg_spiral,
          hangedman_vaults_stretched_pinwheel, hangedman_vaults_snaps,
          v_misc_29, nicolae_vaults_c_with_doors, vaults_room_pool,
          nicolae_vaults_little_squares_1, uniq_jory
Depths:1: nicolae_sextant, mu_enter_wizlab_1, pf_vacation_house_of_asmodeus,
          eino_curves_02, kennysheep_nondescript, tgw_lugonu_bribe
IceCv:    ice_cave_small_dragons
WizLab:   wizlab_zonguldrok

Skill      XL: |  1  2  3  4  5  6  7  8  9 10 11 12 13 14 15 16 17 18 19 |
---------------+----------------------------------------------------------+-----
Stealth        | 5 6 7 9 10 11 12 14 16 18 19 20 22 | 22.1
Spellcasting   | 3 4 5 6 8 9 10 | 10.3
Hexes          | 4 5 6 7 8 9 11 17 19 | 19.1
Dodging        | 4 5 6 8 9 10 11 13 15 17 | 17.3
Short Blades   | 2 3 4 5 6 7 9 12 15 16 | 16.3
Shields        | 6 7 |  7.6
Fighting       | 6 8 10 12 | 12.6
Evocations     | 8 |  8.8
Invocations    | 3 |  3.5

Action                   |  1- 3 |  4- 6 |  7- 9 | 10-12 | 13-15 | 16-18 | 19-21 || total
-------------------------+-------+-------+-------+-------+-------+-------+-------++-------
Melee: Dagger            |   114 |   166 |   252 |   820 |    62 |       |       ||  1414
       Whip              |       |       |       |   134 |       |       |       ||   134
       Quick blade       |       |       |       |       |  1460 |  1537 |   397 ||  3394
 Cast: Ensorcelled Hiber |     5 |    38 |    51 |   111 |   178 |   130 |    10 ||   523
       Corona            |     1 |       |       |       |       |       |       ||     1
       Confuse           |       |    15 |    23 |    98 |   144 |   149 |    72 ||   501
       Tukima's Dance    |       |       |       |    19 |    42 |   109 |    40 ||   210
       Dazzling Spray    |       |       |       |       |    36 |     3 |       ||    39
Invok: Shadow Step       |       |       |       |     6 |    16 |    14 |     3 ||    39
 Abil: Evoke Invisibilit |       |       |       |     1 |       |     7 |       ||     8
Evoke: Wand              |       |       |     1 |     3 |     5 |    12 |       ||    21
       Deck              |       |       |       |       |       |     1 |     2 ||     3
       Box of beasts     |       |       |       |       |       |       |     1 ||     1
  Use: Scroll            |     1 |     4 |     5 |    17 |    23 |    17 |     4 ||    71
       Potion            |       |     1 |       |     6 |     2 |     9 |       ||    18
 Stab: Sleeping          |    15 |    31 |    46 |   118 |   185 |   224 |    48 ||   667
       Confused          |       |     6 |    19 |    62 |    95 |    59 |    39 ||   280
       Distracted        |       |       |       |     3 |    18 |    23 |     2 ||    46
       Invisible         |       |       |       |       |    31 |    23 |       ||    54
       Petrified         |       |       |       |       |       |     3 |       ||     3
  Eat: Royal jelly       |       |     2 |       |       |     2 |     1 |       ||     5
       Bread ration      |       |       |     1 |     1 |       |     1 |       ||     3
       Fruit             |       |       |       |     3 |    10 |     8 |     3 ||    24
       Pizza             |       |       |       |       |     1 |     1 |       ||     2
